cohdb
Replays
Latest Replays
All Replays
Popular Replays
Top Player Replays
Match Explorer
How It Works
Community
CoH3 Stats
Reddit
Sign in to upload your games and track your stats! →
Sign in with Steam
Match 42861887
Unlisted
Match 42861887
Overview
Messages
Build Orders
End
Panzergrenadier Squad
Selects Battlefield Espionage Battlegroup
Panzergrenadier Squad
Construct Light Support Kompanie
MG34 Team
2.5-tonne Medical Truck
Selects Intel Disruption Beacon
Assault Grenadier Squad
Construct Mechanized Kompanie
Selects Plunder
Assault Grenadier Squad
Construct Panzerarmee Kommand
Panzer III L Medium Tank
2.5-tonne Medical Truck
Selects Firestorm
Selects 250/3 Funkpanzerwagen
Panzerjäger Squad
Firestorm
Panzer III L Medium Tank
Armored Reserves
Selects Advanced Ambush Training
Vehicle Survival Package
Tungsten Core Ammunition
Selects Operation Skorpion
Firestorm
Operation Skorpion
Tiger Heavy Tank
Lefike
Bandi
Valar[M]orgHulis
This game made me racer. F CH*NA
770123550
Marsden
momo
asd
0
0
Comments
sign in to comment!
No comments posted yet!